| TOP OF THE 1ST |
|
Americus Braves batting - Pitching for Houston Colt .45's : LHP Mike Holloway
|
|
Pitching: LHP Mike Holloway
|
|
|
Batting: RHB Joe Young
|
0-0: Ball 1-0: Called Strike 1-1: Foul Ball, location: 2F 1-2: Ball 2-2: Foul Ball, location: 2F 2-2: Strikes out swinging
|
|
Batting: SHB Jordan Barragan
|
0-0: Ball 1-0: Called Strike 1-1: Fly out, F7 (Flyball, 7D, EV 88.8 MPH)
|
|
Batting: RHB Hisayuki Akiyama
|
0-0: Fly out, F7 (Flyball, 7LM, EV 96.3 MPH)
|
| Top of the 1st over - 0 runs, 0 hits, 0 errors, 0 left on base; Americus 0 - Houston 0 |
| BOTTOM OF THE 1ST |
|
Houston Colt .45's batting - Pitching for Americus Braves : RHP Scott Spillman
|
|
Pitching: RHP Scott Spillman
|
|
|
Batting: RHB Jarno van Lente
|
0-0: Ball 1-0: Called Strike 1-1: Called Strike 1-2: Ball 2-2: Foul Ball, location: 2F 2-2: Ball 3-2: SINGLE (Groundball, 4MD, EV 97.5 MPH)
|
|
Batting: RHB Sean Mounts
|
0-0: Called Strike Jarno van Lente steals 2nd base 0-1: Ball 1-1: Foul Ball, location: 2F 1-2: Foul Ball, location: 2F 1-2: Fly out, F8 (Flyball, 8RD, EV 91.9 MPH)
|
|
Batting: RHB Juan Mendoza
|
0-0: Ball 1-0: Called Strike 1-1: Ball 2-1: Ground out 6-3 (Groundball, 6, EV 76.9 MPH) Jarno van Lente to third
|
|
Batting: LHB Bob Dietz
|
0-0: Ground out 6-3 (Groundball, 6S, EV 81.9 MPH)
|
| Bottom of the 1st over - 0 runs, 1 hit, 0 errors, 1 left on base; Americus 0 - Houston 0 |
| TOP OF THE 2ND |
|
Americus Braves batting - Pitching for Houston Colt .45's : LHP Mike Holloway
|
|
Batting: RHB Josh McCormick
|
0-0: Called Strike 0-1: Ball 1-1: SINGLE (Flyball, 7, EV 91.9 MPH)
|
|
Batting: LHB Ryan Murdock
|
0-0: Called Strike 0-1: Swinging Strike 0-2: Ball 1-2: Strikes out swinging
|
|
Batting: SHB Jose Melendez
|
0-0: Called Strike 0-1: Foul Ball, location: 2F 0-2: Strikes out looking
|
|
Batting: RHB Terry Hughes
|
0-0: Ball 1-0: Called Strike 1-1: Ball 2-1: Swinging Strike 2-2: Strikes out swinging
|
| Top of the 2nd over - 0 runs, 1 hit, 0 errors, 1 left on base; Americus 0 - Houston 0 |
| BOTTOM OF THE 2ND |
|
Houston Colt .45's batting - Pitching for Americus Braves : RHP Scott Spillman
|
|
Batting: SHB Danny Jensen
|
0-0: Foul Ball, location: 2F 0-1: Foul Ball, location: 2F 0-2: Ball 1-2: Ball 2-2: Strikes out swinging
|
|
Batting: LHB Jackson Trottier
|
0-0: Called Strike 0-1: Ball 1-1: SINGLE (Line Drive, 4MD, EV 95.0 MPH)
|
|
Batting: RHB To-wai Chen
|
0-0: Ball 1-0: Ball 2-0: Ball 3-0: Fly out, F2 (Popup, 2RF, EV 90.6 MPH)
|
|
Batting: RHB Gabe Allen
|
0-0: Ball 1-0: Fly out, F8 (Flyball, 8RD, EV 93.1 MPH)
|
| Bottom of the 2nd over - 0 runs, 1 hit, 0 errors, 1 left on base; Americus 0 - Houston 0 |
| TOP OF THE 3RD |
|
Americus Braves batting - Pitching for Houston Colt .45's : LHP Mike Holloway
|
|
Batting: RHB Gerard Michel
|
0-0: Called Strike 0-1: Ball 1-1: Ball 2-1: Foul Ball, location: 2F 2-2: Ball 3-2: Base on Balls
|
|
Batting: RHB Phil Holman
|
0-0: Ball 1-0: Foul Ball, location: 2F 1-1: Ball 2-1: Swinging Strike 2-2: Fly out, F6 (Line Drive, 6, EV 67.5 MPH)
|
|
Batting: RHB Joe Young
|
0-0: Swinging Strike 0-1: Fly out, F9 (Line Drive, 9, EV 96.9 MPH)
|
|
Batting: SHB Jordan Barragan
|
0-0: Called Strike 0-1: Ball 1-1: Ball 2-1: Swinging Strike 2-2: Ball 3-2: SINGLE (Line Drive, 34D, EV 101.9 MPH) Gerard Michel to second Gerard Michel to third
|
|
Batting: RHB Hisayuki Akiyama
|
0-0: Ball 1-0: Ball 2-0: Called Strike 2-1: Foul Ball, location: 2F 2-2: Foul Ball, location: 2F 2-2: Foul Ball, location: 2F 2-2: Ball 3-2: 3-RUN HOME RUN (Flyball, 7LD, EV 93.1 MPH), Distance : 362 ft
|
|
Batting: RHB Josh McCormick
|
0-0: Foul Ball, location: 2F 0-1: Called Strike 0-2: Strikes out swinging
|
| Top of the 3rd over - 3 runs, 2 hits, 0 errors, 0 left on base; Americus 3 - Houston 0 |
| BOTTOM OF THE 3RD |
|
Houston Colt .45's batting - Pitching for Americus Braves : RHP Scott Spillman
|
|
Batting: SHB Miguel Sierra
|
0-0: Foul Ball, location: 2F 0-1: Swinging Strike 0-2: Ball 1-2: Strikes out swinging
|
|
Batting: RHB Jarno van Lente
|
0-0: Ball 1-0: Ball 2-0: Called Strike 2-1: Ball 3-1: Base on Balls
|
|
Batting: RHB Sean Mounts
|
0-0: Swinging Strike 0-1: Called Strike 0-2: Strikes out looking
|
|
Batting: RHB Juan Mendoza
|
0-0: Ball 1-0: Swinging Strike 1-1: Swinging Strike 1-2: Strikes out swinging
|
| Bottom of the 3rd over - 0 runs, 0 hits, 0 errors, 1 left on base; Americus 3 - Houston 0 |
| TOP OF THE 4TH |
|
Americus Braves batting - Pitching for Houston Colt .45's : LHP Mike Holloway
|
|
Batting: LHB Ryan Murdock
|
0-0: Called Strike 0-1: Ball 1-1: Ball 2-1: Swinging Strike 2-2: Ball 3-2: Strikes out swinging
|
|
Batting: SHB Jose Melendez
|
0-0: Called Strike 0-1: Hit by Pitch
|
|
Batting: RHB Terry Hughes
|
0-0: Ball Jose Melendez is caught stealing 2nd base 2-4 1-0: Called Strike 1-1: Ball 2-1: Called Strike 2-2: Ball 3-2: Strikes out swinging
|
| Top of the 4th over - 0 runs, 0 hits, 0 errors, 0 left on base; Americus 3 - Houston 0 |
| BOTTOM OF THE 4TH |
|
Houston Colt .45's batting - Pitching for Americus Braves : RHP Scott Spillman
|
|
Batting: LHB Bob Dietz
|
0-0: Ball 1-0: Swinging Strike 1-1: Called Strike 1-2: Ball 2-2: Strikes out looking
|
|
Batting: SHB Danny Jensen
|
0-0: Foul Ball, location: 2F 0-1: SINGLE (Groundball, 3D, EV 101.9 MPH)
|
|
Batting: LHB Jackson Trottier
|
0-0: Foul Ball, location: 2F 0-1: Ball 1-1: Fielders Choice at 2nd, 3-6 (Groundball, 13, EV 88.8 MPH)
|
|
Batting: RHB To-wai Chen
|
0-0: Called Strike 0-1: Swinging Strike 0-2: Strikes out swinging
|
| Bottom of the 4th over - 0 runs, 1 hit, 0 errors, 1 left on base; Americus 3 - Houston 0 |
| TOP OF THE 5TH |
|
Americus Braves batting - Pitching for Houston Colt .45's : LHP Mike Holloway
|
|
Batting: RHB Gerard Michel
|
0-0: Ball 1-0: Ball 2-0: Called Strike 2-1: Foul Ball, location: 2F 2-2: Strikes out swinging
|
|
Batting: RHB Phil Holman
|
0-0: Called Strike 0-1: Foul Ball, location: 2F 0-2: Strikes out looking
|
|
Batting: RHB Joe Young
|
0-0: Ball 1-0: Called Strike 1-1: SINGLE (Line Drive, 89S, EV 93.1 MPH)
|
|
Batting: SHB Jordan Barragan
|
0-0: Called Strike Joe Young steals 2nd base (no throw) 0-1: Ball 1-1: Foul Ball, location: 2F 1-2: Ball 2-2: Foul Ball, location: 2F 2-2: Foul Ball, location: 2F 2-2: DOUBLE (Line Drive, 78M, EV 93.1 MPH) Joe Young scores
|
|
Batting: RHB Hisayuki Akiyama
|
0-0: Called Strike 0-1: Ball 1-1: Foul Ball, location: 2F 1-2: Ball 2-2: Foul Ball, location: 2F 2-2: SINGLE (Line Drive, 78M, EV 111.3 MPH) Jordan Barragan to third Runner from 3rd tries for Home, throw by CF and OUT! 8-2
|
| Top of the 5th over - 1 run, 3 hits, 0 errors, 1 left on base; Americus 4 - Houston 0 |
| BOTTOM OF THE 5TH |
|
Houston Colt .45's batting - Pitching for Americus Braves : RHP Scott Spillman
|
|
Batting: RHB Gabe Allen
|
0-0: Ball 1-0: Fly out, F8 (Flyball, 8RM, EV 83.8 MPH)
|
|
Batting: SHB Miguel Sierra
|
0-0: SINGLE (Groundball, 6D, EV 98.8 MPH)
|
|
Batting: RHB Jarno van Lente
|
0-0: Ball 1-0: Called Strike 1-1: Foul Ball, location: 2F 1-2: Ball 2-2: Grounds into double play, 4-6-3 (Groundball, 4, EV 86.3 MPH)
|
| Bottom of the 5th over - 0 runs, 1 hit, 0 errors, 0 left on base; Americus 4 - Houston 0 |
| TOP OF THE 6TH |
|
Americus Braves batting - Pitching for Houston Colt .45's : LHP Mike Holloway
|
|
Pitching: RHP Mike Wirick
|
|
|
Batting: RHB Josh McCormick
|
0-0: Ball 1-0: Foul Ball, location: 2F 1-1: Foul Ball, location: 2F 1-2: Strikes out looking
|
|
Batting: LHB Ryan Murdock
|
0-0: Ground out 4-3 (Groundball, 4, EV 107.5 MPH)
|
|
Batting: SHB Jose Melendez
|
0-0: Reached via error on a dropped throw from SS, E3 (Groundball, 6, EV 80.0 MPH)
|
|
Batting: RHB Terry Hughes
|
0-0: Called Strike 0-1: Ball 1-1: SINGLE (Groundball, 6MS, EV 66.3 MPH) (infield hit) Jose Melendez to second
|
|
Batting: RHB Gerard Michel
|
0-0: Called Strike 0-1: Swinging Strike 0-2: Foul Ball, location: 2F 0-2: Fly out, F8 (Line Drive, 8RM, EV 95.0 MPH)
|
| Top of the 6th over - 0 runs, 1 hit, 1 error, 2 left on base; Americus 4 - Houston 0 |
| BOTTOM OF THE 6TH |
|
Houston Colt .45's batting - Pitching for Americus Braves : RHP Scott Spillman
|
|
Batting: RHB Sean Mounts
|
0-0: Ball 1-0: Called Strike 1-1: Ball 2-1: Foul Ball, location: 2F 2-2: Strikes out swinging
|
|
Batting: RHB Juan Mendoza
|
0-0: Called Strike 0-1: Ball 1-1: Foul Ball, location: 2F 1-2: Ball 2-2: Ball 3-2: Foul Ball, location: 2F 3-2: Base on Balls
|
|
Batting: LHB Bob Dietz
|
0-0: Foul Ball, location: 2F 0-1: Ball 1-1: SINGLE (Groundball, 4MD, EV 100.0 MPH) Juan Mendoza to second
|
|
Batting: SHB Danny Jensen
|
0-0: Called Strike 0-1: Fly out, F8 (Flyball, 8LD, EV 83.8 MPH)
|
|
Batting: LHB Jackson Trottier
|
0-0: Ball 1-0: Swinging Strike 1-1: Ball 2-1: Fielders Choice at 2nd, 5-4 (Groundball, 56, EV 106.9 MPH)
|
| Bottom of the 6th over - 0 runs, 1 hit, 0 errors, 2 left on base; Americus 4 - Houston 0 |
| TOP OF THE 7TH |
|
Americus Braves batting - Pitching for Houston Colt .45's : RHP Mike Wirick
|
|
Batting: RHB Phil Holman
|
0-0: Ball 1-0: Foul Ball, location: 2F 1-1: Foul Ball, location: 2F 1-2: Ball 2-2: Foul Ball, location: 2F 2-2: Ground out 5-3 (Groundball, 5, EV 83.8 MPH)
|
|
Batting: RHB Joe Young
|
0-0: Ball 1-0: Ball 2-0: Ball 3-0: Base on Balls
|
|
Batting: SHB Jordan Barragan
|
0-0: Ball 1-0: Called Strike 1-1: Called Strike Joe Young steals 2nd base 1-2: Ball 2-2: Foul Ball, location: 2F 2-2: Ball 3-2: Foul Ball, location: 2F 3-2: Foul Ball, location: 2F 3-2: Foul Ball, location: 2F 3-2: DOUBLE (Line Drive, 7LD, EV 104.4 MPH) Joe Young scores
|
|
Pitching: RHP Greg Otto
|
|
|
Batting: RHB Hisayuki Akiyama
|
0-0: Ball 1-0: Called Strike 1-1: Swinging Strike 1-2: Ball 2-2: Foul Ball, location: 2F 2-2: Ball 3-2: Foul Ball, location: 2F 3-2: SINGLE (Line Drive, 9S, EV 111.3 MPH) Jordan Barragan to third Runner from 3rd tries for Home, SAFE, throw by RF to home
|
|
Batting: RHB Josh McCormick
|
0-0: Foul Ball, location: 2F 0-1: Grounds into double play, 5-4-3 (Groundball, 56, EV 106.3 MPH)
|
| Top of the 7th over - 2 runs, 2 hits, 0 errors, 0 left on base; Americus 6 - Houston 0 |
| BOTTOM OF THE 7TH |
|
Houston Colt .45's batting - Pitching for Americus Braves : RHP Scott Spillman
|
|
Batting: RHB To-wai Chen
|
0-0: Called Strike 0-1: Ball 1-1: SINGLE (Groundball, 6MD, EV 98.1 MPH)
|
|
Batting: RHB Gabe Allen
|
0-0: Ball 1-0: Swinging Strike 1-1: Foul Ball, location: 2F 1-2: Ball To-wai Chen steals 2nd base 2-2: Strikes out swinging
|
|
Batting: SHB Miguel Sierra
|
0-0: Foul Ball, location: 2F 0-1: Foul Ball, location: 2F 0-2: Ball 1-2: Foul Ball, location: 2F 1-2: Strikes out swinging
|
|
Batting: RHB Jarno van Lente
|
0-0: Called Strike 0-1: Called Strike 0-2: Ball 1-2: Ball 2-2: Strikes out looking
|
| Bottom of the 7th over - 0 runs, 1 hit, 0 errors, 1 left on base; Americus 6 - Houston 0 |
| TOP OF THE 8TH |
|
Americus Braves batting - Pitching for Houston Colt .45's : RHP Greg Otto
|
|
Batting: LHB Ryan Murdock
|
0-0: Ball 1-0: Ball 2-0: Foul Ball, location: 2F 2-1: Foul Ball, location: 2F 2-2: Ball 3-2: SOLO HOME RUN (Line Drive, 7D, EV 100.6 MPH), Distance : 388 ft
|
|
Batting: SHB Jose Melendez
|
0-0: Fly out, F5 (Popup, 5F, EV 70.0 MPH)
|
|
Batting: RHB Terry Hughes
|
0-0: Ball 1-0: Ball 2-0: Called Strike 2-1: Swinging Strike 2-2: Strikes out swinging
|
|
Pitching: RHP Russ Greer
|
|
|
Batting: RHB Gerard Michel
|
0-0: Called Strike 0-1: Ball 1-1: Ball 2-1: Foul Ball, location: 2F 2-2: Foul Ball, location: 2F 2-2: Strikes out swinging
|
| Top of the 8th over - 1 run, 1 hit, 0 errors, 0 left on base; Americus 7 - Houston 0 |
| BOTTOM OF THE 8TH |
|
Houston Colt .45's batting - Pitching for Americus Braves : RHP Scott Spillman
|
|
Batting: RHB Sean Mounts
|
0-0: Ball 1-0: Ball 2-0: Fly out, F7 (Flyball, 7LM, EV 87.5 MPH)
|
|
Batting: RHB Juan Mendoza
|
0-0: Foul Ball, location: 2F 0-1: Ball 1-1: Foul Ball, location: 2F 1-2: Ball 2-2: Foul Ball, location: 2F 2-2: DOUBLE (Flyball, 7D, EV 96.3 MPH)
|
|
Batting: LHB Bob Dietz
|
0-0: DOUBLE (Flyball, 7LD, EV 101.3 MPH) Juan Mendoza scores
|
|
Pitching: RHP Andrew Hodges
|
|
|
Batting: SHB Danny Jensen
|
0-0: Ball 1-0: Ball 2-0: Called Strike 2-1: Foul Ball, location: 2F 2-2: Foul Ball, location: 2F 2-2: Ball 3-2: Ground out 3-1 (Groundball, 34, EV 83.8 MPH) Bob Dietz to third
|
|
Batting: LHB Jackson Trottier
|
0-0: SINGLE (Line Drive, 7S, EV 101.3 MPH) Bob Dietz scores
|
|
Batting: RHB To-wai Chen
|
0-0: Ball 1-0: Called Strike 1-1: Foul Ball, location: 2F 1-2: Ball 2-2: Ball 3-2: Foul Ball, location: 2F 3-2: Strikes out swinging
|
| Bottom of the 8th over - 2 runs, 3 hits, 0 errors, 1 left on base; Americus 7 - Houston 2 |
| TOP OF THE 9TH |
|
Americus Braves batting - Pitching for Houston Colt .45's : RHP Russ Greer
|
|
Pinch Hitting: LHB Erik Gretzky
|
0-0: Ball 1-0: Ball 2-0: Ball 3-0: Called Strike 3-1: Foul Ball, location: 2F 3-2: Base on Balls
|
|
Batting: RHB Joe Young
|
0-0: Ball 1-0: Ball 2-0: Called Strike 2-1: Fly out, F8 (Line Drive, 8RM, EV 86.9 MPH)
|
|
Batting: SHB Jordan Barragan
|
0-0: Called Strike Erik Gretzky is caught stealing 2nd base 2-6 0-1: Foul Ball, location: 2F 0-2: Foul Ball, location: 2F 0-2: SINGLE (Groundball, 34D, EV 101.3 MPH)
|
|
Batting: RHB Hisayuki Akiyama
|
0-0: Ball 1-0: DOUBLE (Groundball, 5L, EV 102.5 MPH) Jordan Barragan to third Runner from 3rd tries for Home, SAFE, throw by LF to trailing runner, OUT at third! 7-3-5
|
| Top of the 9th over - 1 run, 2 hits, 0 errors, 0 left on base; Americus 8 - Houston 2 |
| BOTTOM OF THE 9TH |
|
Houston Colt .45's batting - Pitching for Americus Braves : RHP Andrew Hodges
|
|
Now at 2B: Joe Young
|
|
|
Now at SS: Hisayuki Akiyama
|
|
|
Now in CF: Erik Gretzky
|
|
|
Batting: RHB Gabe Allen
|
0-0: Ball 1-0: Ball 2-0: Foul Ball, location: 2F 2-1: Swinging Strike 2-2: Strikes out looking
|
|
Batting: SHB Miguel Sierra
|
0-0: Ball 1-0: Ground out 6-3 (Groundball, 6, EV 101.3 MPH)
|
|
Batting: RHB Jarno van Lente
|
0-0: Ball 1-0: Called Strike 1-1: Called Strike 1-2: Strikes out swinging
|
| Bottom of the 9th over - 0 runs, 0 hits, 0 errors, 0 left on base; Americus 8 - Houston 2 |
|